 Dungeon Crawl Stone Soup version 0.31-a0-455-g1a7b003ef0 (webtiles) character file.

Game seed: 3365923970374472941

1404 lunkers the Martial Artist (level 9, -1/62 (64) HPs)
             Began as a Meteoran Shapeshifter on Aug 3, 2023.
             Was an Initiate of Gozag.
             Slain by Prince Ribbit (11 damage)
             ... on level 7 of the Dungeon.
             The game lasted 00:08:42 (2044 turns).

lunkers the Martial Artist (Meteoran Shapeshifter)  Turns: 2044, Time: 00:08:43

HP:   -1/62 (64)    AC:  9    Str: 22    XL:     9   Next: 21%
MP:   0/10          EV: 12    Int: 12    God:    Gozag
Gold: 534           SH:  0    Dex: 18    Spells: 8/8 levels left

rFire   . .          .
                       - Unarmed
rCold   . . .        (no shield)
rNeg    . . .        g - +0 ring mail
rPois   .            (helmet currently unavailable)
rElec   .            (cloak currently unavailable)
rCorr   .            (gloves currently unavailable)
SInv    .            (boots currently unavailable)
Will    +....        p - amulet of guardian spirit
Stlth   +            d - +4 ring of protection
HPRegen 0.30/turn    s - +6 ring of strength
MPRegen 0.12/turn

%: guardian spirit
@: beast-form, glowing, lightly drained
A: beast (slay +4), sense surroundings 2, otherworldly, glowing, explore regen
a: Begin Untransformation, Renounce Religion, Potion Petition, Call Merchant,
Bribe Branch


You were on level 7 of the Dungeon.
You worshipped Gozag.
Gozag was pleased with you.
You were a hulking beast.
You visited 1 branch of the dungeon, and saw 6 of its levels.

You collected 569 gold pieces.
You paid 35 gold pieces to Gozag.

Inventory:

Missiles
 a - 2 throwing nets
Armour
 f - a +1 pair of gloves
 g - a +0 ring mail (worn)
 q - the +2 ratskin cloak {*Rats rPois rN+ Str-1 Int-1 Dex+1}
   (You found it on level 4 of the Dungeon)

   *Rats:     When the wearer is hurt, rats may emerge from it to assist them.
   Str:       It affects your strength (-1).
   Int:       It affects your intelligence (-1).
   Dex:       It affects your dexterity (+1).
   rPois:     It protects you from poison.
   rN:        It protects you from negative energy.
Jewellery
 b - a ring of protection from cold
 d - a +4 ring of protection (left hand)
 p - an amulet of guardian spirit (around neck)
 s - a +6 ring of strength (right hand)
Talismans
 c - a beast talisman (active)
Scrolls
 e - 2 scrolls of identify {unknown}
 i - a scroll of brand weapon {unknown}
 k - 2 scrolls of blinking {unknown}
 l - a scroll of teleportation {unknown}
 m - 3 scrolls of enchant armour {unknown}
 r - a scroll of enchant weapon {unknown}
 t - a scroll of poison {unknown}
Potions
 h - 2 potions of haste {unknown}
 j - a potion of might {unknown}
 n - a potion of brilliance {unknown}
 o - a potion of degeneration {unknown}


   Skills:
 - Level 1.1 Fighting
 - Level 2.4 Dodging
 * Level 10.7 Unarmed Combat
 + Level 7.1 Shapeshifting


You had 8 spell levels left.
You didn't know any spells.
Your spell library contained the following spells:

 Spells                   Type           Power      Damage    Failure   Level
 Sandblast                Erth           0%         2d4       47%         1
 Passwall                 Tmut/Erth      0%         N/A       63%         2
 Wereblood                Tmut           0%         N/A       63%         2
 Stone Arrow              Conj/Erth      0%         3d7       85%         3
 Irradiate                Conj/Tmut      0%         3d11      100%        5


Dungeon Overview and Level Annotations

Branches:
Dungeon (7/15) Zot: 1589   Temple (0/1) D:4

Altars:
Cheibriados
Gozag
Ru
Uskayaw
Zin

Shops:
D:2 *   D:6 =   D:7 ?

Annotations:
D:4 exclusion: oklob sapling
D:7 Prince Ribbit


Innate Abilities, Weirdness & Mutations

You are a hulking beast.
Your limbs bulge with bestial killing power. (Slay +4)
You passively map the area around you.
You are easily found by Zot.
You glow in the dark.
You regain HP and MP as you explore.


Message History

Unknown command.
You punch the wight!
You destroy the wight!
You now have 506 gold pieces (gained 5).
Things that are here:
a +0 spear; a +0 robe You now have 510 gold pieces (gained 4).
Things that are here:
a +2 falchion of protection; a +0 robe You now have 516 gold pieces (gained 6).
Things that are here:
a +0 spear; a +0 robe You now have 522 gold pieces (gained 6).
Things that are here:
a +2 trident; a +0 robe You now have 534 gold pieces (gained 12).
You open the door.
Prince Ribbit comes into view.
Prince Ribbit gives a loud, deep croak!
Prince Ribbit hops awkwardly around.
Prince Ribbit closely misses you.
There is an open door here.
Okay, then.
You punch Prince Ribbit!
Prince Ribbit is moderately wounded.
Prince Ribbit hits you!
* * * LOW HITPOINT WARNING * * *
You hit Prince Ribbit.
Prince Ribbit is heavily wounded.
Prince Ribbit hits you!
* * * LOW MAGIC WARNING * * *
* * * LOW HITPOINT WARNING * * *
Unknown command.
Unknown command.
You miss Prince Ribbit.
Prince Ribbit is heavily wounded.
Prince Ribbit hits you!
* * * LOW MAGIC WARNING * * *
You die...
Your body crumbles into a pile of gold.

#.......[............##
#.#################..##
### #...........# ##...
............# #### *,
...........# *
,,..##.......#
#.##..<....# *
*#F##.......###### ,
##h##............# #
#.....#..........#
#.#.....#..........##
#.......#..........##
###.....#.#<.........
#.......#.#.####..### *
#.#.........)..#..#.. *
#.###.###.).##.#..#.#
#,* #.##...)#* #..#.#


You could see Prince Ribbit.

Vanquished Creatures
  2 ice beasts
  2 sky beasts (D:7)
  A black bear (D:6)
  2 ogres
  2 bullfrogs
  A scorpion (D:4)
  4 wights (D:7)
  2 orc priests (D:3)
  A hound (D:7)
  A sleepcap (D:7)
  Jessica (D:2)
  3 iguanas
  Terence (D:2)
  5 gnolls
  3 adders
  2 white imps
  A worm (D:3)
  9 orcs
  4 bats
  3 endoplasms
  A giant cockroach (D:1)
  3 goblins (D:2)
  5 hobgoblins
  5 jackals
  5 ball pythons
  A frilled lizard (D:1)
  6 kobolds
  3 rats
79 creatures vanquished.

Notes
Turn   | Place    | Note
-------+----------+-------------------------------------------
     0 | D:1      | lunkers the Meteoran Shapeshifter began the quest for the
                  | Orb.
     0 | D:1      | Reached XP level 1. HP: 16/16 MP: 2/2
    91 | D:1      | Reached XP level 2. HP: 21/23 MP: 3/3
    93 | D:1      | Reached skill level 4 in Unarmed Combat
   187 | D:1      | Reached XP level 3. HP: 28/28 MP: 4/4
   313 | D:2      | Noticed Terence
   329 | D:2      | Killed Terence
   330 | D:2      | Reached skill level 5 in Unarmed Combat
   330 | D:2      | Reached XP level 4. HP: 22/35 MP: 5/5
   405 | D:2      | Found Mamniwn's General Store.
   422 | D:2      | Noticed Jessica
   435 | D:2      | Killed Jessica
   436 | D:2      | Reached XP level 5. HP: 28/40 MP: 6/6
   604 | D:3      | Reached skill level 6 in Unarmed Combat
   631 | D:3      | Found an opulent altar of Gozag.
   633 | D:3      | Found a snail-covered altar of Cheibriados.
   635 | D:3      | Found a glowing silver altar of Zin.
   641 | D:3      | Became a worshipper of Gozag Ym Sagoz the Greedy
   739 | D:3      | Reached XP level 6. HP: 47/47 MP: 7/7
   754 | D:3      | Noticed an ogre
   766 | D:3      | Killed an ogre
   767 | D:3      | Reached skill level 5 in Shapeshifting
   881 | D:4      | Found a staircase to the Ecumenical Temple.
   929 | D:4      | Found a sacrificial altar of Ru.
   940 | D:4      | Reached skill level 7 in Unarmed Combat
   940 | D:4      | Reached XP level 7. HP: 49/52 MP: 8/8
   966 | D:4      | Found the +2 ratskin cloak {*Rats rPois rN+ Str-1 Int-1
                  | Dex+1}
  1194 | D:4      | You fall into a shaft and drop 2 floors!
  1200 | D:6      | Found Culos's Jewellery Boutique.
  1212 | D:6      | Found a hide-covered altar of Uskayaw.
  1216 | D:6      | Noticed a +3 hand axe
  1216 | D:6      | Noticed a +0 dagger
  1304 | D:6      | Reached skill level 8 in Unarmed Combat
  1354 | D:6      | Reached XP level 8. HP: 30/59 MP: 5/9
  1372 | D:6      | Reached skill level 9 in Unarmed Combat
  1681 | D:7      | Found The Oracle's Delphic Readings.
  1971 | D:7      | Reached skill level 10 in Unarmed Combat
  1988 | D:7      | Gained mutation: You passively map the area around you.
                  | [Meteoran growth]
  1988 | D:7      | Reached XP level 9. HP: 64/64 MP: 10/10
  2040 | D:7      | Noticed Prince Ribbit
  2044 | D:7      | Slain by Prince Ribbit

Illustrated notes

Levels and vault maps discovered:
D:1:      amcnicky_arrival_blooded_trapdoor, layout_basic
D:2:      layout_basic, serial_shops, nicolae_shop_window_shopping,
          fountainhead, uniq_jessica, uniq_terence
D:3:      layout_basic, grunt_temple_overflow_diamond,
          nicolae_kikubaaqudgha_miasma_corner, hellmonk_ghost_happy_afterlife,
          minmay_fountain_box
D:4:      layout_loops_ring, nicolae_ru_sacrificial_ziggurat,
          minmay_temple_entry_oklob, minmay_misc_feat_ornament
D:6:      layout_cave_pools, dancing_weapons_uskayaw, serial_shops, shop
D:7:      layout_basic, serial_aquarium, aquarium_bridge_straight
          [aquarium_subvault_bridge, aquarium_subvault_window,
          aquarium_subvault_bridge, aquarium_subvault_wall],
          aquarium_window_corridor_1, aquarium_window_1, aquarium_window_2,
          aquarium_window_2, aquarium_view_2a, aquarium_view_2d,
          aquarium_balcony_5a, nicolae_nh_oracle_at_delphi, uniq_prince_ribbit1,
          uniq_crazy_yiuf_cottage

Skill      XL: |  1  2  3  4  5  6  7  8  9 |
---------------+----------------------------+-----
Unarmed Combat | 4 5 6 7 8 10 | 10.7
Shapeshifting  | 4 5 6 7 |  7.1
Fighting       | |  1.1
Dodging        | |  2.4

Action                     |  1- 3 |  4- 6 |  7- 9 || total
---------------------------+-------+-------+-------++-------
  Melee: Unarmed           |    56 |    54 |   137 ||   247
         Punch             |     1 |       |     7 ||     8
    Use: Potion            |       |       |     1 ||     1
   Stab: Distracted        |       |       |     1 ||     1
 Armour: Animal skin       |     6 |       |       ||     6
         Ring mail         |    14 |    15 |    40 ||    69
         Skin              |       |       |     7 ||     7
  Dodge: Dodged            |    20 |    15 |    49 ||    84

Table legend: (Time is in decaauts)
 A = Elapsed time spent in this place.
 B = Non-inter-level travel time spent in this place.
 C = Inter-level travel time spent in this place.
 D = Time resting spent in this place.
 E = Time spent auto-exploring this place.
 F = Levels seen in this place.
 G = Mean time per level.
                   A        B        C        D        E       F      G
               +--------+--------+--------+--------+--------+-----+--------+
         Total |   2010 |   1984 |     26 |     20 |   1245 |   6 |  335.0 |
       Dungeon |   2010 |   1984 |     26 |     20 |   1245 |   6 |  335.0 |
               +--------+--------+--------+--------+--------+-----+--------+

Top non-repeatable levels by time:
     D:7: 545 daAuts
     D:4: 385 daAuts
     D:6: 285 daAuts
     D:2: 285 daAuts
     D:3: 282 daAuts
     D:1: 226 daAuts
